Rocket vs Admirals

Created - April 15, 2022 at 22:14

Goals
1 2 3 T
Rocket 1 0 2 3
Admirals 1 2 3 6
Shots
1 2 3 T
Rocket 7 10 24 41
Admirals 6 11 13 30

1st period

1. Rocket , Mason Appleton 2 (Jakub Vrana 9, Karson Kuhlman 4) at 12:18
2. Admirals , Markus Granlund 18 (Nicolas Kerdiles 41, Joel Armia 21) at 15:45

Penalties :
Markus Granlund (Mil) for Tripping (Minor) at 9:39, Adam Fox (Lav) for Tripping (Minor) at 16:00

2nd period

3. Admirals , Nicolas Kerdiles 41 (Markus Granlund 38, Josh Morrissey 16) at 13:33
4. Admirals , Anton Gustafsson 10 (Kasper Bjorkqvist 11, Josh Morrissey 17) at 17:15

Penalties :
Olli Juolevi (Mil) for Hooking (Minor) at 6:45

3rd period

5. Rocket , Viktor Loov 8 (Corey Trivino 39, Adrian Kempe 42) at 0:26
6. Admirals , Nicolas Kerdiles 42 (Andreas Englund 12) at 4:43
7. Rocket , Corey Trivino 24 (Adrian Kempe 43, Danton Heinen 36) at 5:31
8. Admirals , Nicolas Kerdiles 43 (Markus Granlund 39, Joel Armia 22) at 6:30 (PP)
9. Admirals , Blake Geoffrion 22 (Travis Dermott 22, Nicolas Kerdiles 42) at 8:04

Penalties :
Mattias Backman (Mil) for Unsportsmanlike conduct (Minor) at 0:45, Adam Fox (Lav) for Boarding (Minor) at 6:13, Olli Juolevi (Mil) for Holding (Minor) at 13:03

Goalie Stats

Igor Shesterkin (Lav), 19 saves from 24 shots - (0.792), L, 22-11-1, 46:30 minutes
Jean-Francois Berube (Lav), 5 saves from 6 shots - (0.833), 13:30 minutes
Felix Sanstrom (Mil), 38 saves from 41 shots - (0.927), W, 9-10-1, 60:00 minutes

Players Stats for Rocket

Player Name              G  A  P  +/- PIM S  H  SB GA TA FO     MP     PP MP  PK MP  
------------------------------------------------------------------------------------
Adam Fox                 0  0  0  -2  4   8  2  1  0  0  0/0    26:49   5:39   0:00 
Adrian Kempe             0  2  2   1  0   4  3  0  3  0  1/1    19:16   5:04   0:37 
Andrei Mironov           0  0  0  -1  0   0  0  0  0  1  0/0    20:00   0:00   1:21 
Andrey Pedan             0  0  0   1  0   0  1  0  0  1  0/0    14:21   2:17   0:00 
Brandon Pirri            0  0  0  -1  0   0  3  0  0  1  0/2    19:30   2:52   0:00 
Corey Trivino            1  1  2   1  0   8  0  2  1  0  12/20  19:26   5:04   0:47 
Danton Heinen            0  1  1   1  0   5  0  0  0  0  0/0    18:12   5:04   0:00 
Dean Kukan               0  0  0   0  0   1  1  0  0  0  0/0    12:06   0:00   0:55 
Dylan DeMelo             0  0  0   0  0   0  0  3  1  0  0/0    21:26   2:17   1:21 
Jakub Vrana              0  1  1   1  0   2  0  0  1  0  0/0     8:24   0:00   0:00 
Jiri Sekac               0  0  0  -3  0   0  2  0  0  0  0/0    11:51   0:00   0:40 
Karson Kuhlman           0  1  1  -3  0   0  3  0  0  1  5/9    12:25   0:00   1:14 
Kole Sherwood            0  0  0   1  0   1  0  0  0  0  0/0     8:24   0:00   0:00 
Mason Appleton           1  0  1   1  0   2  0  0  0  0  1/2     8:24   0:00   0:00 
Mattias Tedenby          0  0  0  -1  0   3  1  1  2  0  0/0    19:30   2:52   0:00 
Peter Holland            0  0  0  -1  0   2  2  1  0  0  16/31  19:30   2:52   0:00 
Ty Rattie                0  0  0  -3  0   1  0  0  0  0  0/0    12:25   0:00   1:14 
Viktor Loov              1  0  1  -2  0   4  0  3  2  1  0/0    25:43   5:39   0:55 

Players Stats for Admirals

Player Name              G  A  P  +/- PIM S  H  SB GA TA FO     MP     PP MP  PK MP  
------------------------------------------------------------------------------------
Andreas Englund          0  1  1   1  0   0  1  2  0  1  0/0    19:00   0:54   3:20 
Anton Gustafsson         1  0  1   0  0   4  4  0  0  2  9/16   17:26   1:00   3:05 
Blake Geoffrion          1  0  1   1  0   4  2  0  0  0  2/2    12:05   1:00   1:38 
Brett Connolly           0  0  0  -1  0   0  0  0  0  0  1/1     9:32   0:00   0:00 
Carl Dahlstrom           0  0  0   0  0   1  0  1  0  1  0/0     9:44   0:00   0:00 
Christian Djoos          0  0  0  -1  0   1  1  1  0  0  0/0     5:13   0:00   0:00 
Freddie Hamilton         0  0  0  -1  0   2  0  0  0  0  0/2     9:29   0:00   0:39 
Hunter Shinkaruk         0  0  0  -1  0   0  1  1  0  1  0/0     9:56   0:00   1:06 
Joel Armia               0  2  2   2  0   0  0  0  1  1  0/1    19:07   1:16   0:00 
Josh Morrissey           0  2  2   2  0   1  5  1  0  3  0/0    26:03   1:22   4:36 
Kasper Bjorkqvist        0  1  1   0  0   3  1  0  0  0  0/1    13:54   1:00   0:00 
Lucas Wallmark           0  0  0   1  0   0  1  0  0  0  2/4     9:46   0:00   0:00 
Markus Granlund          1  2  3   2  2   4  3  0  1  0  16/35  22:16   1:16   3:08 
Mattias Backman          0  0  0   2  2   2  1  1  0  1  0/0    25:00   1:22   3:34 
Nicolas Deslauriers      0  0  0   0  0   3  3  0  1  0  0/0    16:10   0:00   2:11 
Nicolas Kerdiles         3  2  5   2  0   3  1  0  1  0  0/3    23:02   1:16   4:05 
Olli Juolevi             0  0  0   0  4   0  0  1  0  0  0/0    10:09   0:00   0:00 
Travis Dermott           0  1  1   1  0   0  0  1  1  0  0/0    19:00   0:54   3:20 
Trevor Van Riemsdyk      0  0  0   0  0   2  2  2  0  0  0/0    15:08   0:00   1:02 

3 Stars

1 - Nicolas Kerdiles (Mil)
2 - Markus Granlund (Mil)
3 - Josh Morrissey (Mil)

Power Play

Rocket - 0 on 4 Attempt(s) - 0.00%
Admirals - 1 on 2 Attempt(s) - 50.00%

Penalty Kill

Rocket - 1 on 2 Attempt(s) - 50.00% - Score 0 goal in Penalty Kill
Admirals - 4 on 4 Attempt(s) - 100.00% - Score 0 goal in Penalty Kill

Team Stat

Rocket - Hits : 18 - Faceoff Wins : 35 - Blocked Shots : 11 - Penalty Minutes : 4
Admirals - Hits : 26 - Faceoff Wins : 30 - Blocked Shots : 11 - Penalty Minutes : 8

Official

Referees : Chris Schlenker and Wes McCauley
Linesman : Derek Amell and Vaughan Rody

Game Notes

Nicolas Kerdiles has scored a Hat Trick!
Jean-Francois Berube enters game at 6:30 of 3rd period

Finance

Level 1 -- Attendance: 2000 (100.00%) -- Ticket Income $70,000
Level 2 -- Attendance: 994 (99.40%) -- Ticket Income $14,910
Total Attendance: 2994 (99.80%)
Total Ticket Income: $84,910
Other Income: $4,246
Total Income: $89,156

Rocket

5 vs 5 Forward 
   Center                   Left Wing                Right Wing               Time % Phy DF OF 
 1 Peter Holland            Brandon Pirri            Mattias Tedenby          40     0   1  4  
 2 Corey Trivino            Adrian Kempe             Danton Heinen            30     0   1  4  
 3 Karson Kuhlman           Jiri Sekac               Ty Rattie                20     0   2  3  
 4 Mason Appleton           Jakub Vrana              Kole Sherwood            10     0   2  3  

5 vs 5 Defense 
   Defense                  Defense                                           Time % Phy DF OF 
 1 Viktor Loov              Adam Fox                                          40     1   2  2  
 2 Dylan DeMelo             Andrei Mironov                                    30     1   2  2  
 3 Dean Kukan               Andrey Pedan                                      20     1   2  2  
 4 Andrei Mironov           Adam Fox                                          10     1   2  2  

PowerPlay Forward 
   Center                   Left Wing                Right Wing               Time % Phy DF OF 
 1 Corey Trivino            Adrian Kempe             Danton Heinen            60     1   2  2  
 2 Peter Holland            Brandon Pirri            Mattias Tedenby          40     1   2  2  

PowerPlay Defense
   Defense                  Defense                                           Time % Phy DF OF 
 1 Viktor Loov              Adam Fox                                          60     1   2  2  
 2 Dylan DeMelo             Andrey Pedan                                      40     1   2  2  

Penalty Kill 4 Players Forward 
   Center                   Wing                     Time % Phy DF OF 
 1 Karson Kuhlman           Ty Rattie                60     1   2  2  
 2 Corey Trivino            Jiri Sekac               40     1   2  2  

Penalty Kill 4 Players Defense
   Defense                  Defense                  Time % Phy DF OF 
 1 Andrei Mironov           Dylan DeMelo             60     1   2  2  
 2 Viktor Loov              Adam Fox                 40     1   2  2  

Penalty Kill - 3 Players Forward 
   Forward                                           Time % Phy DF OF 
 1 Karson Kuhlman                                    60     1   2  2  
 2 Mason Appleton                                    40     1   2  2  

Penalty Kill - 3 Players Defense
   Defense                  Defense                  Time % Phy DF OF 
 1 Viktor Loov              Dean Kukan               60     1   2  2  
 2 Adam Fox                 Andrey Pedan             40     1   2  2  

4 vs 4 Forward 
   Center                   Wing                     Time % Phy DF OF 
 1 Corey Trivino            Jakub Vrana              60     1   2  2  
 2 Brandon Pirri            Adrian Kempe             40     1   2  2  

4 vs 4 Defense
   Defense                  Defense                  Time % Phy DF OF 
 1 Viktor Loov              Dean Kukan               60     1   2  2  
 2 Dylan DeMelo             Andrey Pedan             40     1   2  2  

Last Minutes Offensive
   Center                   Left Wing                Right Wing               Defense                  Defense                  
   Corey Trivino            Brandon Pirri            Mattias Tedenby          Viktor Loov              Dean Kukan               

Last Minutes Defensive
   Center                   Left Wing                Right Wing               Defense                  Defense                  
   Corey Trivino            Brandon Pirri            Mattias Tedenby          Viktor Loov              Dean Kukan               

Goaltenders
Starting : Igor Shesterkin          
Backup : Jean-Francois Berube     

Extra Forwards
Normal : Danton Heinen, Adrian Kempe, Mattias Tedenby - PP : Danton Heinen, Adrian Kempe - PK : Jiri Sekac
Extra Defensemen
Normal : Andrei Mironov, Adam Fox, Dylan DeMelo - PP : Viktor Loov - PK : Andrei Mironov, Dean Kukan
Penalty Shots
Corey Trivino, Mattias Tedenby, Brandon Pirri, Adrian Kempe, Danton Heinen

Scratches
Daniel Sprong (Healthy), Dominic Turgeon (Sprained Left Knee Injury), Guillaume Brisebois (Healthy), Jack Glover (Healthy), Ryan Collins (Healthy)
Sergey Tolchinsky (Healthy), Tyler Lewington (Healthy), Luke Kunin (Healthy), Mikhail Maltsev (Healthy), Blake Hillman (Healthy)

Admirals

5 vs 5 Forward 
   Center                   Left Wing                Right Wing               Time % Phy DF OF 
 1 Markus Granlund          Nicolas Kerdiles         Joel Armia               40     1   2  2  
 2 Anton Gustafsson         Nicolas Deslauriers      Kasper Bjorkqvist        30     1   2  2  
 3 Lucas Wallmark           Blake Geoffrion          Trevor Van Riemsdyk      20     1   2  2  
 4 Freddie Hamilton         Hunter Shinkaruk         Brett Connolly           10     1   2  2  

5 vs 5 Defense 
   Defense                  Defense                                           Time % Phy DF OF 
 1 Josh Morrissey           Mattias Backman                                   40     1   2  2  
 2 Andreas Englund          Travis Dermott                                    30     1   2  2  
 3 Carl Dahlstrom           Olli Juolevi                                      20     1   2  2  
 4 Christian Djoos          Trevor Van Riemsdyk                               10     1   2  2  

PowerPlay Forward 
   Center                   Left Wing                Right Wing               Time % Phy DF OF 
 1 Markus Granlund          Nicolas Kerdiles         Joel Armia               60     1   2  2  
 2 Anton Gustafsson         Blake Geoffrion          Kasper Bjorkqvist        40     1   2  2  

PowerPlay Defense
   Defense                  Defense                                           Time % Phy DF OF 
 1 Josh Morrissey           Mattias Backman                                   60     1   2  2  
 2 Andreas Englund          Travis Dermott                                    40     1   2  2  

Penalty Kill 4 Players Forward 
   Center                   Wing                     Time % Phy DF OF 
 1 Markus Granlund          Nicolas Kerdiles         60     1   2  2  
 2 Anton Gustafsson         Nicolas Deslauriers      40     1   2  2  

Penalty Kill 4 Players Defense
   Defense                  Defense                  Time % Phy DF OF 
 1 Josh Morrissey           Mattias Backman          60     1   2  2  
 2 Andreas Englund          Travis Dermott           40     1   2  2  

Penalty Kill - 3 Players Forward 
   Forward                                           Time % Phy DF OF 
 1 Nicolas Deslauriers                               60     1   2  2  
 2 Nicolas Kerdiles                                  40     1   2  2  

Penalty Kill - 3 Players Defense
   Defense                  Defense                  Time % Phy DF OF 
 1 Josh Morrissey           Mattias Backman          60     1   2  2  
 2 Andreas Englund          Travis Dermott           40     1   2  2  

4 vs 4 Forward 
   Center                   Wing                     Time % Phy DF OF 
 1 Anton Gustafsson         Nicolas Kerdiles         60     1   2  2  
 2 Markus Granlund          Blake Geoffrion          40     1   2  2  

4 vs 4 Defense
   Defense                  Defense                  Time % Phy DF OF 
 1 Josh Morrissey           Mattias Backman          60     1   2  2  
 2 Andreas Englund          Travis Dermott           40     1   2  2  

Last Minutes Offensive
   Center                   Left Wing                Right Wing               Defense                  Defense                  
   Markus Granlund          Nicolas Kerdiles         Joel Armia               Josh Morrissey           Mattias Backman          

Last Minutes Defensive
   Center                   Left Wing                Right Wing               Defense                  Defense                  
   Markus Granlund          Nicolas Kerdiles         Joel Armia               Josh Morrissey           Mattias Backman          

Goaltenders
Starting : Felix Sanstrom           
Backup : Tristan Jarry            

Extra Forwards
Normal : Blake Geoffrion, Nicolas Deslauriers, Brett Connolly - PP : Blake Geoffrion, Nicolas Deslauriers - PK : Blake Geoffrion
Extra Defensemen
Normal : Trevor Van Riemsdyk, Carl Dahlstrom, Olli Juolevi - PP : Trevor Van Riemsdyk - PK : Trevor Van Riemsdyk, Carl Dahlstrom
Penalty Shots
Anton Gustafsson, Nicolas Kerdiles, Markus Granlund, Joel Armia, Blake Geoffrion

Scratches
Adam Almquist (Healthy), Alexandre Mallet (Healthy), Chris Lawrence (Healthy), Filip Chlapik (Healthy), Josh Wesley (Healthy)
Mark MacMillan (Healthy), Mark McNeill (Broken Left Thumb Injury), Riley Barber (Healthy), Ryan Olsen (Healthy), Sergei Zborovskiy (Healthy)
Stanislav Galiev (Healthy), T.J Brodie (Healthy), Troy Bourke (Healthy), Carsen Twarynski (Healthy), Libor Hajek (Healthy)
Linus Ullmark (Healthy)

% Time on Ice - Rocket

Lines # - Real PCT - Wanted PCT - Time Play
Normal Forward
1 - 35% - 40% - 17:24
2 - 26% - 30% - 12:49
3 - 22% - 20% - 11:11
4 - 17% - 10% - 8:24
Normal Defense
1 - 38% - 40% - 18:42
2 - 33% - 30% - 16:31
3 - 23% - 20% - 11:14
4 - 7% - 10% - 3:21
PP Forward
1 - 64% - 60% - 5:04
2 - 36% - 40% - 2:52
PP Defense
1 - 71% - 60% - 5:39
2 - 29% - 40% - 2:17
PK Forward
1 - 82% - 60% - 1:51
2 - 18% - 40% - 0:25
PK Defense
1 - 60% - 60% - 1:21
2 - 40% - 40% - 0:55
PK3 Forward
1 - 0% - 60%
2 - 0% - 40%
PK3 Defense
1 - 0% - 60%
2 - 0% - 40%
44 Forward
1 - 0% - 60%
2 - 0% - 40%
44 Defense
1 - 0% - 60%
2 - 0% - 40%
Last Minute Offensive  - 0:00
Last Minute Defensive  - 0:00
Total
Forward - 60:00
Defense - 60:00

% Time on Ice - Admirals

Lines # - Real PCT - Wanted PCT - Time Play
Normal Forward
1 - 36% - 40% - 17:53
2 - 27% - 30% - 13:21
3 - 20% - 20% - 9:46
4 - 18% - 10% - 8:48
Normal Defense
1 - 40% - 40% - 20:05
2 - 30% - 30% - 14:46
3 - 20% - 20% - 9:44
4 - 10% - 10% - 5:13
PP Forward
1 - 56% - 60% - 1:16
2 - 44% - 40% - 1:00
PP Defense
1 - 60% - 60% - 1:22
2 - 40% - 40% - 0:54
PK Forward
1 - 72% - 60% - 5:45
2 - 28% - 40% - 2:11
PK Defense
1 - 58% - 60% - 4:36
2 - 42% - 40% - 3:20
PK3 Forward
1 - 0% - 60%
2 - 0% - 40%
PK3 Defense
1 - 0% - 60%
2 - 0% - 40%
44 Forward
1 - 0% - 60%
2 - 0% - 40%
44 Defense
1 - 0% - 60%
2 - 0% - 40%
Last Minute Offensive  - 0:00
Last Minute Defensive  - 0:00
Total
Forward - 60:00
Defense - 60:00

Play-by-Play

1st period


0:01 of 1st period - Markus Granlund wins face-off versus Peter Holland in neutral zone.
0:17 of 1st period - Icing by Peter Holland.
0:18 of 1st period - Anton Gustafsson wins face-off versus Peter Holland in Rocket zone.
1:12 of 1st period - Carl Dahlstrom is hit by Karson Kuhlman and loses puck.
1:45 of 1st period - Freddie Hamilton is hit by Dean Kukan and loses puck.
2:00 of 1st period - Andrey Pedan is hit by Anton Gustafsson and loses puck.
2:26 of 1st period - Wrist shot by Corey Trivino.
2:26 of 1st period - Stopped by Felix Sanstrom with a rebound.
2:46 of 1st period - Dean Kukan is hit by Nicolas Deslauriers and loses puck.
2:51 of 1st period - Snap shot by Anton Gustafsson.
2:51 of 1st period - Shot Blocked by Corey Trivino.
2:53 of 1st period - Wrist shot by Kasper Bjorkqvist.
2:53 of 1st period - Stopped by Igor Shesterkin without a rebound.
2:54 of 1st period - Markus Granlund wins face-off versus Peter Holland in Rocket zone.
4:05 of 1st period - Andreas Englund is hit by Mattias Tedenby and loses puck.
4:58 of 1st period - Wrist shot by Markus Granlund.
4:58 of 1st period - Shot Blocked by Dylan DeMelo.
5:00 of 1st period - Slapshot by Christian Djoos.
5:00 of 1st period - Stopped by Igor Shesterkin without a rebound.
5:01 of 1st period - Peter Holland wins face-off versus Markus Granlund in Rocket zone.
5:06 of 1st period - Slapshot by Markus Granlund.
5:06 of 1st period - Stopped by Igor Shesterkin with a rebound.
5:41 of 1st period - Jiri Sekac is hit by Christian Djoos and loses puck.
6:52 of 1st period - Slapshot by Blake Geoffrion.
6:52 of 1st period - Stopped by Igor Shesterkin with a rebound.
7:20 of 1st period - Snap shot by Ty Rattie.
7:20 of 1st period - Stopped by Felix Sanstrom without a rebound.
7:21 of 1st period - Markus Granlund wins face-off versus Karson Kuhlman in Admirals zone.
7:21 of 1st period - Markus Granlund is hit by Karson Kuhlman.
7:36 of 1st period - Nicolas Kerdiles is hit by Jiri Sekac.
8:13 of 1st period - Kasper Bjorkqvist is hit by Peter Holland and loses puck.
8:22 of 1st period - Nicolas Deslauriers is hit by Peter Holland and loses puck.
9:27 of 1st period - Wrist shot by Blake Geoffrion.
9:27 of 1st period - Deflect By Trevor Van Riemsdyk.
9:27 of 1st period - Shot Misses the Net.
9:27 of 1st period - Puck is out of play.
9:28 of 1st period - Corey Trivino wins face-off versus Nicolas Kerdiles in Rocket zone.
9:28 of 1st period - Corey Trivino is hit by Nicolas Kerdiles.
9:36 of 1st period - Snap shot by Adrian Kempe.
9:36 of 1st period - Stopped by Felix Sanstrom without a rebound.
9:37 of 1st period - Markus Granlund wins face-off versus Corey Trivino in Admirals zone.
9:39 of 1st period - Minor Penalty to Markus Granlund for Tripping.
9:40 of 1st period - Blake Geoffrion wins face-off versus Corey Trivino in Admirals zone.
11:11 of 1st period - Brandon Pirri is hit by Hunter Shinkaruk and loses puck.
11:39 of 1st period - Penalty to Markus Granlund is over, Markus Granlund is back on ice.
12:18 of 1st period - Wrist shot by Mason Appleton.
12:18 of 1st period - Deflect By Trevor Van Riemsdyk.
12:18 of 1st period - Goal by Mason Appleton - Rocket : 1 - Admirals : 0.
12:19 of 1st period - Peter Holland wins face-off versus Markus Granlund in neutral zone.
12:22 of 1st period - Wrist shot by Mattias Tedenby.
12:22 of 1st period - Shot Misses the Net.
12:30 of 1st period - Snap shot by Mattias Tedenby.
12:30 of 1st period - Shot Blocked by Andreas Englund.
12:44 of 1st period - Adam Fox is hit by Anton Gustafsson.
13:24 of 1st period - Slapshot by Freddie Hamilton.
13:24 of 1st period - Stopped by Igor Shesterkin without a rebound.
13:25 of 1st period - Peter Holland wins face-off versus Freddie Hamilton in Rocket zone.
13:50 of 1st period - Viktor Loov is hit by Markus Granlund and loses puck.
13:57 of 1st period - Wrist shot by Adrian Kempe.
13:57 of 1st period - Deflect By Danton Heinen.
13:57 of 1st period - Shot Misses the Net.
13:57 of 1st period - Puck is out of play.
13:58 of 1st period - Peter Holland wins face-off versus Markus Granlund in Admirals zone.
14:10 of 1st period - Off-side.
14:11 of 1st period - Peter Holland wins face-off versus Nicolas Kerdiles in neutral zone.
14:36 of 1st period - Adam Fox is hit by Josh Morrissey and loses puck.
15:45 of 1st period - Snap shot by Markus Granlund.
15:45 of 1st period - Goal by Markus Granlund - Rocket : 1 - Admirals : 1.
15:46 of 1st period - Peter Holland wins face-off versus Joel Armia in neutral zone.
16:00 of 1st period - Minor Penalty to Adam Fox for Tripping.
16:01 of 1st period - Markus Granlund wins face-off versus Karson Kuhlman in Rocket zone.
17:49 of 1st period - Adrian Kempe is hit by Anton Gustafsson.
18:00 of 1st period - Penalty to Adam Fox is over, Adam Fox is back on ice.
18:54 of 1st period - Markus Granlund is hit by Adam Fox.
19:04 of 1st period - Snap shot by Peter Holland.
19:04 of 1st period - Deflect By Mattias Tedenby.
19:04 of 1st period - Stopped by Felix Sanstrom with a rebound.
19:38 of 1st period - Snap shot by Jakub Vrana.
19:38 of 1st period - Deflect By Kole Sherwood.
19:38 of 1st period - Stopped by Felix Sanstrom without a rebound.
19:39 of 1st period - Anton Gustafsson wins face-off versus Peter Holland in Admirals zone.
19:46 of 1st period - Andreas Englund is hit by Brandon Pirri and loses puck.
19:51 of 1st period - Wrist shot by Mattias Tedenby.
19:51 of 1st period - Stopped by Felix Sanstrom without a rebound.
19:52 of 1st period - Brett Connolly wins face-off versus Brandon Pirri in Admirals zone.
Goals for this period are 1 for Rocket vs 1 for Admirals.
Shots for this period are 7 for Rocket vs 6 for Admirals.

2nd period


0:01 of 2nd period - Corey Trivino wins face-off versus Markus Granlund in neutral zone.
0:12 of 2nd period - Snap shot by Adrian Kempe.
0:12 of 2nd period - Shot Misses the Net.
0:14 of 2nd period - Snap shot by Adrian Kempe.
0:14 of 2nd period - Stopped by Felix Sanstrom with a rebound.
0:16 of 2nd period - Slapshot by Adam Fox.
0:16 of 2nd period - Stopped by Felix Sanstrom without a rebound.
0:17 of 2nd period - Anton Gustafsson wins face-off versus Peter Holland in Admirals zone.
0:24 of 2nd period - Viktor Loov is hit by Anton Gustafsson and loses puck.
0:50 of 2nd period - Joel Armia is hit by Adrian Kempe and loses puck.
1:24 of 2nd period - Off-side.
1:25 of 2nd period - Mason Appleton wins face-off versus Freddie Hamilton in neutral zone.
1:30 of 2nd period - Slapshot by Adam Fox.
1:30 of 2nd period - Stopped by Felix Sanstrom with a rebound.
2:13 of 2nd period - Mattias Tedenby is hit by Markus Granlund and loses puck.
3:00 of 2nd period - Wrist shot by Corey Trivino.
3:00 of 2nd period - Stopped by Felix Sanstrom with a rebound.
3:02 of 2nd period - Slapshot by Andrey Pedan.
3:02 of 2nd period - Shot Blocked by Christian Djoos.
3:46 of 2nd period - Slapshot by Mason Appleton.
3:46 of 2nd period - Shot Misses the Net.
3:56 of 2nd period - Snap shot by Mason Appleton.
3:56 of 2nd period - Stopped by Felix Sanstrom without a rebound.
3:57 of 2nd period - Peter Holland wins face-off versus Anton Gustafsson in Admirals zone.
3:58 of 2nd period - Snap shot by Mattias Tedenby.
3:58 of 2nd period - Stopped by Felix Sanstrom without a rebound.
3:59 of 2nd period - Peter Holland wins face-off versus Kasper Bjorkqvist in Admirals zone.
4:00 of 2nd period - Slapshot by Mattias Tedenby.
4:00 of 2nd period - Shot Blocked by Josh Morrissey.
4:24 of 2nd period - Mattias Tedenby is hit by Josh Morrissey.
4:56 of 2nd period - Andreas Englund is hit by Adam Fox and loses puck.
5:19 of 2nd period - Snap shot by Adrian Kempe.
5:19 of 2nd period - Shot Misses the Net.
5:21 of 2nd period - Slapshot by Dylan DeMelo.
5:21 of 2nd period - Shot Misses the Net.
6:22 of 2nd period - Wrist shot by Markus Granlund.
6:22 of 2nd period - Shot Misses the Net.
6:24 of 2nd period - Snap shot by Markus Granlund.
6:24 of 2nd period - Shot Misses the Net.
6:26 of 2nd period - Slapshot by Mattias Backman.
6:26 of 2nd period - Stopped by Igor Shesterkin with a rebound.
6:28 of 2nd period - Snap shot by Joel Armia.
6:28 of 2nd period - Shot Misses the Net.
6:37 of 2nd period - Icing by Jakub Vrana.
6:38 of 2nd period - Corey Trivino wins face-off versus Anton Gustafsson in Rocket zone.
6:43 of 2nd period - Slapshot by Adrian Kempe.
6:43 of 2nd period - Stopped by Felix Sanstrom with a rebound.
6:45 of 2nd period - Minor Penalty to Olli Juolevi for Hooking.
6:46 of 2nd period - Markus Granlund wins face-off versus Corey Trivino in Admirals zone.
6:59 of 2nd period - Wrist shot by Danton Heinen.
6:59 of 2nd period - Stopped by Felix Sanstrom with a rebound.
7:01 of 2nd period - Snap shot by Adrian Kempe.
7:01 of 2nd period - Shot Misses the Net.
7:41 of 2nd period - Travis Dermott is hit by Adrian Kempe and loses puck.
8:45 of 2nd period - Penalty to Olli Juolevi is over, Olli Juolevi is back on ice.
9:06 of 2nd period - Snap shot by Jakub Vrana.
9:06 of 2nd period - Deflect By Mason Appleton.
9:06 of 2nd period - Shot Misses the Net.
9:06 of 2nd period - Puck is out of play.
9:07 of 2nd period - Lucas Wallmark wins face-off versus Karson Kuhlman in Admirals zone.
9:07 of 2nd period - Lucas Wallmark is hit by Karson Kuhlman.
9:13 of 2nd period - Wrist shot by Trevor Van Riemsdyk.
9:13 of 2nd period - Deflect By Lucas Wallmark.
9:13 of 2nd period - Shot Hit the Post.
9:13 of 2nd period - Puck is out of play.
9:14 of 2nd period - Karson Kuhlman wins face-off versus Lucas Wallmark in Rocket zone.
9:40 of 2nd period - Christian Djoos is hit by Brandon Pirri and loses puck.
10:10 of 2nd period - Danton Heinen is hit by Kasper Bjorkqvist and loses puck.
10:57 of 2nd period - Hunter Shinkaruk is hit by Andrey Pedan and loses puck.
11:09 of 2nd period - Slapshot by Mattias Backman.
11:09 of 2nd period - Shot Blocked by Viktor Loov.
11:11 of 2nd period - Snap shot by Josh Morrissey.
11:11 of 2nd period - Shot Blocked by Viktor Loov.
11:13 of 2nd period - Snap shot by Mattias Backman.
11:13 of 2nd period - Stopped by Igor Shesterkin without a rebound.
11:14 of 2nd period - Markus Granlund wins face-off versus Corey Trivino in Rocket zone.
11:25 of 2nd period - Wrist shot by Adrian Kempe.
11:25 of 2nd period - Stopped by Felix Sanstrom without a rebound.
11:26 of 2nd period - Peter Holland wins face-off versus Markus Granlund in Admirals zone.
11:27 of 2nd period - Wrist shot by Mattias Tedenby.
11:27 of 2nd period - Shot Misses the Net.
11:35 of 2nd period - Snap shot by Nicolas Kerdiles.
11:35 of 2nd period - Shot Blocked by Viktor Loov.
11:53 of 2nd period - Mattias Tedenby is hit by Blake Geoffrion and loses puck.
11:58 of 2nd period - Slapshot by Blake Geoffrion.
11:58 of 2nd period - Stopped by Igor Shesterkin without a rebound.
11:59 of 2nd period - Lucas Wallmark wins face-off versus Corey Trivino in Rocket zone.
12:00 of 2nd period - Slapshot by Blake Geoffrion.
12:00 of 2nd period - Shot Blocked by Dylan DeMelo.
12:27 of 2nd period - Off-side.
12:28 of 2nd period - Karson Kuhlman wins face-off versus Markus Granlund in neutral zone.
12:41 of 2nd period - Slapshot by Adam Fox.
12:41 of 2nd period - Stopped by Felix Sanstrom with a rebound.
13:33 of 2nd period - Snap shot by Nicolas Kerdiles.
13:33 of 2nd period - Goal by Nicolas Kerdiles - Rocket : 1 - Admirals : 2.
13:34 of 2nd period - Anton Gustafsson wins face-off versus Peter Holland in neutral zone.
13:39 of 2nd period - Slapshot by Kasper Bjorkqvist.
13:39 of 2nd period - Deflect By Nicolas Deslauriers.
13:39 of 2nd period - Shot Blocked by Peter Holland.
13:39 of 2nd period - Puck is out of play.
13:40 of 2nd period - Anton Gustafsson wins face-off versus Peter Holland in Rocket zone.
13:41 of 2nd period - Slapshot by Kasper Bjorkqvist.
13:41 of 2nd period - Shot Blocked by Mattias Tedenby.
13:45 of 2nd period - Wrist shot by Anton Gustafsson.
13:45 of 2nd period - Stopped by Igor Shesterkin without a rebound.
13:46 of 2nd period - Peter Holland wins face-off versus Anton Gustafsson in Rocket zone.
13:57 of 2nd period - Wrist shot by Nicolas Deslauriers.
13:57 of 2nd period - Stopped by Igor Shesterkin without a rebound.
13:58 of 2nd period - Anton Gustafsson wins face-off versus Peter Holland in Rocket zone.
13:59 of 2nd period - Snap shot by Kasper Bjorkqvist.
13:59 of 2nd period - Shot Misses the Net.
14:11 of 2nd period - Wrist shot by Nicolas Deslauriers.
14:11 of 2nd period - Stopped by Igor Shesterkin without a rebound.
14:12 of 2nd period - Corey Trivino wins face-off versus Markus Granlund in Rocket zone.
14:12 of 2nd period - Corey Trivino is hit by Josh Morrissey.
15:03 of 2nd period - Icing by Dylan DeMelo.
15:04 of 2nd period - Karson Kuhlman wins face-off versus Lucas Wallmark in Rocket zone.
16:15 of 2nd period - Backhand shot by Adrian Kempe.
16:15 of 2nd period - Shot Misses the Net.
16:23 of 2nd period - Slapshot by Hunter Shinkaruk.
16:23 of 2nd period - Shot Misses the Net.
16:33 of 2nd period - Wrist shot by Anton Gustafsson.
16:33 of 2nd period - Stopped by Igor Shesterkin with a rebound.
16:41 of 2nd period - Wrist shot by Kasper Bjorkqvist.
16:41 of 2nd period - Stopped by Igor Shesterkin without a rebound.
16:42 of 2nd period - Markus Granlund wins face-off versus Peter Holland in Rocket zone.
16:43 of 2nd period - Snap shot by Nicolas Kerdiles.
16:43 of 2nd period - Shot Misses the Net.
17:11 of 2nd period - Snap shot by Kasper Bjorkqvist.
17:11 of 2nd period - Shot Misses the Net.
17:13 of 2nd period - Wrist shot by Anton Gustafsson.
17:13 of 2nd period - Deflect By Kasper Bjorkqvist.
17:13 of 2nd period - Stopped by Igor Shesterkin with a rebound.
17:15 of 2nd period - Wrist shot by Anton Gustafsson.
17:15 of 2nd period - Goal by Anton Gustafsson - Rocket : 1 - Admirals : 3.
17:16 of 2nd period - Markus Granlund wins face-off versus Peter Holland in neutral zone.
18:07 of 2nd period - Backhand shot by Nicolas Deslauriers.
18:07 of 2nd period - Shot Misses the Net.
19:06 of 2nd period - Corey Trivino is hit by Trevor Van Riemsdyk and loses puck.
Goals for this period are 0 for Rocket vs 2 for Admirals.
Shots for this period are 10 for Rocket vs 11 for Admirals.

3rd period


0:01 of 3rd period - Peter Holland wins face-off versus Markus Granlund in neutral zone.
0:11 of 3rd period - Off-side.
0:12 of 3rd period - Corey Trivino wins face-off versus Markus Granlund in neutral zone.
0:24 of 3rd period - Slapshot by Corey Trivino.
0:24 of 3rd period - Stopped by Felix Sanstrom with a rebound.
0:26 of 3rd period - Slapshot by Viktor Loov.
0:26 of 3rd period - Goal by Viktor Loov - Rocket : 2 - Admirals : 3.
0:27 of 3rd period - Anton Gustafsson wins face-off versus Peter Holland in neutral zone.
0:45 of 3rd period - Minor Penalty to Mattias Backman for Unsportsmanlike conduct.
0:46 of 3rd period - Corey Trivino wins face-off versus Markus Granlund in Admirals zone.
0:48 of 3rd period - Slapshot by Adam Fox.
0:48 of 3rd period - Deflect By Trevor Van Riemsdyk.
0:48 of 3rd period - Stopped by Felix Sanstrom with a rebound.
0:50 of 3rd period - Slapshot by Viktor Loov.
0:50 of 3rd period - Stopped by Felix Sanstrom with a rebound.
0:52 of 3rd period - Snap shot by Corey Trivino.
0:52 of 3rd period - Stopped by Felix Sanstrom without a rebound.
0:53 of 3rd period - Corey Trivino wins face-off versus Markus Granlund in Admirals zone.
0:56 of 3rd period - Slapshot by Adam Fox.
0:56 of 3rd period - Stopped by Felix Sanstrom with a rebound.
0:58 of 3rd period - Wrist shot by Corey Trivino.
0:58 of 3rd period - Shot Misses the Net.
1:00 of 3rd period - Slapshot by Corey Trivino.
1:00 of 3rd period - Shot Hit the Post.
1:02 of 3rd period - Snap shot by Adam Fox.
1:02 of 3rd period - Shot Misses the Net.
1:04 of 3rd period - Backhand shot by Corey Trivino.
1:04 of 3rd period - Stopped by Felix Sanstrom without a rebound.
1:05 of 3rd period - Markus Granlund wins face-off versus Corey Trivino in Admirals zone.
1:15 of 3rd period - Icing by Viktor Loov.
1:16 of 3rd period - Corey Trivino wins face-off versus Markus Granlund in Rocket zone.
1:16 of 3rd period - Corey Trivino is hit by Josh Morrissey.
1:24 of 3rd period - Slapshot by Adam Fox.
1:24 of 3rd period - Stopped by Felix Sanstrom with a rebound.
1:26 of 3rd period - Snap shot by Corey Trivino.
1:26 of 3rd period - Shot Blocked by Trevor Van Riemsdyk.
1:34 of 3rd period - Snap shot by Adrian Kempe.
1:34 of 3rd period - Shot Misses the Net.
2:00 of 3rd period - Snap shot by Danton Heinen.
2:00 of 3rd period - Stopped by Felix Sanstrom with a rebound.
2:16 of 3rd period - Wrist shot by Adrian Kempe.
2:16 of 3rd period - Shot Blocked by Travis Dermott.
2:18 of 3rd period - Slapshot by Adam Fox.
2:18 of 3rd period - Stopped by Felix Sanstrom with a rebound.
2:38 of 3rd period - Slapshot by Danton Heinen.
2:38 of 3rd period - Shot Blocked by Andreas Englund.
2:40 of 3rd period - Snap shot by Corey Trivino.
2:40 of 3rd period - Stopped by Felix Sanstrom with a rebound.
2:42 of 3rd period - Snap shot by Adrian Kempe.
2:42 of 3rd period - Shot Misses the Net.
2:44 of 3rd period - Wrist shot by Danton Heinen.
2:44 of 3rd period - Stopped by Felix Sanstrom without a rebound.
2:45 of 3rd period - Penalty to Mattias Backman is over, Mattias Backman is back on ice.
2:45 of 3rd period - Markus Granlund wins face-off versus Peter Holland in Admirals zone.
2:45 of 3rd period - Markus Granlund is hit by Brandon Pirri.
2:53 of 3rd period - Snap shot by Joel Armia.
2:53 of 3rd period - Deflect By Markus Granlund.
2:53 of 3rd period - Stopped by Igor Shesterkin with a rebound.
2:55 of 3rd period - Wrist shot by Markus Granlund.
2:55 of 3rd period - Stopped by Igor Shesterkin without a rebound.
2:56 of 3rd period - Peter Holland wins face-off versus Markus Granlund in Rocket zone.
3:35 of 3rd period - Snap shot by Freddie Hamilton.
3:35 of 3rd period - Shot Misses the Net.
3:47 of 3rd period - Slapshot by Dylan DeMelo.
3:47 of 3rd period - Shot Blocked by Olli Juolevi.
3:55 of 3rd period - Wrist shot by Blake Geoffrion.
3:55 of 3rd period - Shot Misses the Net.
4:19 of 3rd period - Wrist shot by Trevor Van Riemsdyk.
4:19 of 3rd period - Shot Misses the Net.
4:31 of 3rd period - Wrist shot by Trevor Van Riemsdyk.
4:31 of 3rd period - Stopped by Igor Shesterkin with a rebound.
4:33 of 3rd period - Snap shot by Trevor Van Riemsdyk.
4:33 of 3rd period - Stopped by Igor Shesterkin without a rebound.
4:34 of 3rd period - Karson Kuhlman wins face-off versus Markus Granlund in Rocket zone.
4:39 of 3rd period - Backhand shot by Nicolas Kerdiles.
4:39 of 3rd period - Shot Misses the Net.
4:41 of 3rd period - Slapshot by Andreas Englund.
4:41 of 3rd period - Shot Misses the Net.
4:43 of 3rd period - Slapshot by Nicolas Kerdiles.
4:43 of 3rd period - Goal by Nicolas Kerdiles - Rocket : 2 - Admirals : 4.
4:44 of 3rd period - Corey Trivino wins face-off versus Anton Gustafsson in neutral zone.
4:47 of 3rd period - Andreas Englund is hit by Adrian Kempe and loses puck.
4:55 of 3rd period - Icing by Travis Dermott.
4:56 of 3rd period - Corey Trivino wins face-off versus Anton Gustafsson in Admirals zone.
5:27 of 3rd period - Wrist shot by Danton Heinen.
5:27 of 3rd period - Stopped by Felix Sanstrom with a rebound.
5:29 of 3rd period - Wrist shot by Adrian Kempe.
5:29 of 3rd period - Shot Misses the Net.
5:31 of 3rd period - Snap shot by Corey Trivino.
5:31 of 3rd period - Goal by Corey Trivino - Rocket : 3 - Admirals : 4.
5:32 of 3rd period - Peter Holland wins face-off versus Nicolas Kerdiles in neutral zone.
5:39 of 3rd period - Off-side.
5:40 of 3rd period - Markus Granlund wins face-off versus Peter Holland in neutral zone.
5:43 of 3rd period - Mattias Tedenby is hit by Mattias Backman and loses puck.
5:48 of 3rd period - Snap shot by Joel Armia.
5:48 of 3rd period - Shot Misses the Net.
5:54 of 3rd period - Snap shot by Markus Granlund.
5:54 of 3rd period - Shot Misses the Net.
5:56 of 3rd period - Slapshot by Josh Morrissey.
5:56 of 3rd period - Stopped by Igor Shesterkin without a rebound.
5:57 of 3rd period - Anton Gustafsson wins face-off versus Corey Trivino in Rocket zone.
6:13 of 3rd period - Minor Penalty to Adam Fox for Boarding.
6:14 of 3rd period - Karson Kuhlman wins face-off versus Markus Granlund in Rocket zone.
6:30 of 3rd period - Wrist shot by Nicolas Kerdiles.
6:30 of 3rd period - Goal by Nicolas Kerdiles - Rocket : 3 - Admirals : 5.
6:30 of 3rd period - Jean-Francois Berube enters game.
6:31 of 3rd period - Markus Granlund wins face-off versus Brandon Pirri in neutral zone.
7:04 of 3rd period - Off-side.
7:05 of 3rd period - Anton Gustafsson wins face-off versus Karson Kuhlman in neutral zone.
7:18 of 3rd period - Karson Kuhlman is hit by Andreas Englund and loses puck.
8:04 of 3rd period - Snap shot by Blake Geoffrion.
8:04 of 3rd period - Goal by Blake Geoffrion - Rocket : 3 - Admirals : 6.
8:05 of 3rd period - Markus Granlund wins face-off versus Peter Holland in neutral zone.
8:13 of 3rd period - Wrist shot by Peter Holland.
8:13 of 3rd period - Stopped by Felix Sanstrom with a rebound.
8:31 of 3rd period - Peter Holland is hit by Lucas Wallmark and loses puck.
8:50 of 3rd period - Brandon Pirri is hit by Blake Geoffrion and loses puck.
9:03 of 3rd period - Slapshot by Anton Gustafsson.
9:03 of 3rd period - Shot Blocked by Adam Fox.
9:05 of 3rd period - Snap shot by Kasper Bjorkqvist.
9:05 of 3rd period - Shot Misses the Net.
9:07 of 3rd period - Slapshot by Carl Dahlstrom.
9:07 of 3rd period - Stopped by Jean-Francois Berube with a rebound.
9:23 of 3rd period - Nicolas Kerdiles is hit by Jiri Sekac and loses puck.
10:36 of 3rd period - Slapshot by Mason Appleton.
10:36 of 3rd period - Shot Misses the Net.
10:38 of 3rd period - Slapshot by Dean Kukan.
10:38 of 3rd period - Stopped by Felix Sanstrom without a rebound.
10:39 of 3rd period - Markus Granlund wins face-off versus Mason Appleton in Admirals zone.
11:28 of 3rd period - Snap shot by Anton Gustafsson.
11:28 of 3rd period - Stopped by Jean-Francois Berube with a rebound.
11:43 of 3rd period - Ty Rattie is hit by Trevor Van Riemsdyk and loses puck.
12:08 of 3rd period - Snap shot by Jakub Vrana.
12:08 of 3rd period - Stopped by Felix Sanstrom with a rebound.
13:03 of 3rd period - Minor Penalty to Olli Juolevi for Holding.
13:04 of 3rd period - Corey Trivino wins face-off versus Markus Granlund in Admirals zone.
13:07 of 3rd period - Snap shot by Viktor Loov.
13:07 of 3rd period - Stopped by Felix Sanstrom with a rebound.
13:09 of 3rd period - Slapshot by Danton Heinen.
13:09 of 3rd period - Shot Blocked by Mattias Backman.
14:08 of 3rd period - Icing by Andrey Pedan.
14:09 of 3rd period - Blake Geoffrion wins face-off versus Peter Holland in Rocket zone.
14:18 of 3rd period - Snap shot by Blake Geoffrion.
14:18 of 3rd period - Shot Blocked by Dylan DeMelo.
14:22 of 3rd period - Wrist shot by Blake Geoffrion.
14:22 of 3rd period - Stopped by Jean-Francois Berube with a rebound.
14:24 of 3rd period - Snap shot by Hunter Shinkaruk.
14:24 of 3rd period - Shot Blocked by Corey Trivino.
14:50 of 3rd period - Adam Fox is hit by Nicolas Deslauriers and loses puck.
14:59 of 3rd period - Slapshot by Nicolas Deslauriers.
14:59 of 3rd period - Stopped by Jean-Francois Berube with a rebound.
15:03 of 3rd period - Penalty to Olli Juolevi is over, Olli Juolevi is back on ice.
15:13 of 3rd period - Snap shot by Jiri Sekac.
15:13 of 3rd period - Shot Misses the Net.
15:37 of 3rd period - Wrist shot by Jakub Vrana.
15:37 of 3rd period - Shot Misses the Net.
15:39 of 3rd period - Snap shot by Jakub Vrana.
15:39 of 3rd period - Shot Misses the Net.
15:41 of 3rd period - Snap shot by Jakub Vrana.
15:41 of 3rd period - Stopped by Felix Sanstrom with a rebound.
15:43 of 3rd period - Wrist shot by Kole Sherwood.
15:43 of 3rd period - Shot Blocked by Hunter Shinkaruk.
16:02 of 3rd period - Danton Heinen is hit by Josh Morrissey and loses puck.
16:07 of 3rd period - Slapshot by Freddie Hamilton.
16:07 of 3rd period - Stopped by Jean-Francois Berube without a rebound.
16:08 of 3rd period - Peter Holland wins face-off versus Markus Granlund in Rocket zone.
16:08 of 3rd period - Peter Holland is hit by Markus Granlund.
16:15 of 3rd period - Off-side.
16:16 of 3rd period - Peter Holland wins face-off versus Markus Granlund in neutral zone.
16:27 of 3rd period - Backhand shot by Mattias Tedenby.
16:27 of 3rd period - Shot Blocked by Trevor Van Riemsdyk.
16:29 of 3rd period - Snap shot by Peter Holland.
16:29 of 3rd period - Deflect By Mattias Tedenby.
16:29 of 3rd period - Shot Misses the Net.
16:29 of 3rd period - Puck is out of play.
16:30 of 3rd period - Markus Granlund wins face-off versus Corey Trivino in Admirals zone.
16:45 of 3rd period - Wrist shot by Adrian Kempe.
16:45 of 3rd period - Shot Misses the Net.
16:55 of 3rd period - Viktor Loov is hit by Nicolas Deslauriers.
18:03 of 3rd period - Off-side.
18:04 of 3rd period - Corey Trivino wins face-off versus Anton Gustafsson in neutral zone.
18:13 of 3rd period - Wrist shot by Danton Heinen.
18:13 of 3rd period - Stopped by Felix Sanstrom with a rebound.
18:15 of 3rd period - Slapshot by Adrian Kempe.
18:15 of 3rd period - Shot Blocked by Carl Dahlstrom.
18:17 of 3rd period - Slapshot by Viktor Loov.
18:17 of 3rd period - Stopped by Felix Sanstrom without a rebound.
18:18 of 3rd period - Peter Holland wins face-off versus Markus Granlund in Admirals zone.
18:31 of 3rd period - Wrist shot by Peter Holland.
18:31 of 3rd period - Stopped by Felix Sanstrom with a rebound.
18:33 of 3rd period - Slapshot by Adam Fox.
18:33 of 3rd period - Stopped by Felix Sanstrom without a rebound.
18:34 of 3rd period - Adrian Kempe wins face-off versus Anton Gustafsson in Admirals zone.
18:41 of 3rd period - Wrist shot by Corey Trivino.
18:41 of 3rd period - Stopped by Felix Sanstrom with a rebound.
18:47 of 3rd period - Snap shot by Corey Trivino.
18:47 of 3rd period - Shot Misses the Net.
18:49 of 3rd period - Wrist shot by Corey Trivino.
18:49 of 3rd period - Shot Misses the Net.
Goals for this period are 2 for Rocket vs 3 for Admirals.
Shots for this period are 24 for Rocket vs 13 for Admirals.